 Dungeon Sprint DCSS version 0.29-a0-233-g1125b37a9b (webtiles) character file.

Game seed: 5841132389754561490

15249 mhtbhm the Executioner (level 11, -14/186 HPs)
             Began as a Minotaur Berserker on Mar 1, 2022.
             Was the Champion of Trog.
             Demolished by an iron golem (28 damage)
             ... in the Dungeon (Sprint III: "The Ten Rune Challenge").
             The game lasted 00:07:19 (4608 turns).

mhtbhm the Executioner (Minotaur Berserker)         Turns: 4608, Time: 00:07:20

Health: -14/186    AC: 28    Str: 27    XL:     11   Next: 99%
Magic:  10/10      EV: 12    Int:  2    God:    Trog [******]
Gold:   607        SH:  0    Dex: 11    Spells: 10/10 levels left

rFire   . . .      SeeInvis .   a - +4 executioner's axe (flame)
rCold   . . .      Faith    .   (shield currently unavailable)
rNeg    . . .      Spirit   .   b - +10 plate armour of Zin's Castigation {Will+}
rPois   .          Reflect  .   (helmet restricted)
rElec   .          Harm     .   r - +0 cloak
rCorr   .          Rampage  .   (no gloves)
Will    +....      Rage     1%  (no boots)
Stlth   .......... NoTele   +   (no amulet)
HPRegen 0.41/turn               (no ring)
MPRegen 0.12/turn               (no ring)

@: berserking, very quick
A: horns 2, retaliatory headbutt, agile 1, berserk 1, dopey 1
a: Renounce Religion, Berserk, Trog's Hand, Brothers in Arms


You were in the Dungeon.
You worshipped Trog.
Trog was exalted by your worship.
You visited 1 branch You collected 1337 gold pieces.
You spent 730 gold pieces at shops.

Inventory:

Hand Weapons
 a - a +4 executioner's axe of flaming (weapon)
 e - the +7 bardiche "Muke" {vorpal, *Corrode rF+ rC+ Str+9}
   (Trog gifted it to you in the Dungeon)

   It inflicts extra damage upon your enemies.
   Str:       It affects your strength (+9).
   rF:        It protects you from fire.
   rC:        It protects you from cold.
   *Corrode:  It may corrode you when you take damage.
Missiles
 h - 7 curare-tipped darts (quivered)
Armour
 b - the +10 plate armour of Zin's Castigation (worn) {Will+}
   (You bought it in a shop in the Dungeon)

   Will:      It increases your willpower.
 r - a +0 cloak (worn)
Wands
 l - a wand of flame (22)
Scrolls
 i - a scroll of fog
 k - a scroll of immolation
 o - a scroll of torment
 t - a scroll of enchant weapon
Potions
 c - a potion of curing
 d - 2 potions of heal wounds
 f - 2 potions of magic
 g - 2 potions of berserk rage
 j - a potion of degeneration {unknown}
 m - a potion of invisibility {unknown}
 n - a potion of attraction {unknown}
 p - a potion of flight {unknown}
 q - 2 potions of mutation
Miscellaneous
 s - a box of beasts
 u - a tin of tremorstones (2/2)


   Skills:
 + Level 20.2 Fighting
 + Level 22.0 Axes
 + Level 14.5 Armour
 + Level 12.2 Dodging
 + Level 6.1 Stealth
 + Level 0.6 Evocations


You had 10 spell levels left.
You didn't know any spells.
Your spell library was empty.

Dungeon Overview and Level Annotations

Branches:
Dungeon (1/1)

Altars:
Cheibriados
Dithmenos
Elyvilon
Fedhas
Gozag
Hepliaklqana
Kikubaaqudgha
Makhleb
Nemelex Xobeh
Okawaru
Qazlal
Ru
Sif Muna
Trog
Uskayaw
Vehumet
Wu Jian
Xom
Yredelemnul
Zin
The Shining One
Beogh
Jiyva
Lugonu

Shops:
D !*(!:[(=(?[*


Innate Abilities, Weirdness & Mutations

You have a pair of horns on your head.
You reflexively headbutt those who attack you in melee.
You are agile. (Dex +2)
You tend to lose your temper in combat.
You are dopey. (Int -2)


Message History

The iron golem closely misses you. The iron golem barely misses you.
You hit the iron golem but do no damage.
The iron golem is moderately damaged.
The iron golem hits you! The iron golem hits you.
You are too injured to fight recklessly!
You are too injured to fight recklessly!
You are too injured to fight recklessly!
You are too injured to fight recklessly!
You are too injured to fight recklessly!
You are too injured to fight recklessly!
You are too injured to fight recklessly!
You are too injured to fight recklessly!
You are too injured to fight recklessly!
A red film seems to cover your vision as you go berserk!
You feel yourself moving faster!
You feel mighty! The iron golem hits you!!
* * * LOW HITPOINT WARNING * * *
The iron golem barely misses you.
You barely miss the iron golem.
The iron golem is moderately damaged.
You hit the iron golem but do no damage.
The iron golem is moderately damaged.
The iron golem hits you!
* * * LOW HITPOINT WARNING * * *
The iron golem hits you but does no damage.
You hit the iron golem. You headbutt the iron golem!
The iron golem is heavily damaged.
You open the iron golem like a pillowcase!!!
You headbutt the iron golem, but do no damage.
The iron golem is severely damaged.
The iron golem hits you but does no damage.
The iron golem hits you!!
* * * LOW HITPOINT WARNING * * *
You slash the iron golem!
You headbutt the iron golem, but do no damage.
The iron golem is severely damaged.
You slice the iron golem like a ripe choko!!!
You headbutt the iron golem, but do no damage.
The iron golem is almost destroyed.
The iron golem hits you!!
You die...

∩.#.....#)#..#......#
∩.#...))#)#..#......#
..#.#.#)'.#..#......#
###..#..#.#).#......#
⌠.#)....###########'#
..####### ######.#
..# #..#≈≈.# ..#
#.9#≈≈.# ..# #..@)..#
### +..#≈≈.# #..#≈≈.#
#..#≈≈.# ▓▓▓▓▓▓▓▓


You could see an iron golem.

Vanquished Creatures
  Harold (D)
  Snorg (D)
  A yaktaur captain (D)
  A fire dragon (D)
  2 centaur warriors (D)
  4 dancing weapons (D)
  A skeletal warrior (D)
  4 orc high priests (D)
  An orange crystal statue (D)
  Joseph (D)
  A deep elf pyromancer (D)
  An orc knight (D)
  3 ugly things (D)
  An unseen horror (D)
  4 spriggan defenders (D)
  3 slime creatures (D)
  3 wandering mushrooms (D)
  A shadow (D)
  A spatial vortex (D)
  2 centaurs (D)
  An earth elemental (D)
  A necrophage (D)
  A water elemental (D)
  A jelly (D)
  3 orc priests (D)
  Jessica (D)
  A wizard (D)
  A necromancer (D)
  An orc wizard (D)
  A kobold demonologist (D)
  3 humans (D)
  A phantom (D)
  4 orcs (D)
  3 rats (D)
60 creatures vanquished.

Vanquished Creatures (collateral kills)
  An orc knight (D)
  An orc sorcerer (D)
  3 orc warriors (D)
  An orc priest (D)
  2 orcs (D)
8 creatures vanquished.

Vanquished Creatures (others)
  An endoplasm (D)
  A bush (D)
  14 plants (D)
16 creatures vanquished.

Grand Total: 84 creatures vanquished

Notes
Turn   | Place    | Note
-------+----------+-------------------------------------------
     0 | D        | mhtbhm the Minotaur Berserker began the quest for the Orb.
     0 | D        | Reached XP level 1. HP: 19/19 MP: 0/0
    13 | D        | Reached skill level 4 in Axes
    62 | D        | Noticed Jessica
    68 | D        | Killed Jessica
    68 | D        | Reached ** piety under Trog
    69 | D        | Reached skill level 5 in Fighting
    69 | D        | Reached skill level 5 in Axes
    69 | D        | Reached XP level 2. HP: 24/30 MP: 1/1
   163 | D        | Reached XP level 3. HP: 37/37 MP: 2/2
   165 | D        | Reached *** piety under Trog
   166 | D        | Reached skill level 6 in Axes
   330 | D        | Gained mutation: You passively map a small area around you.
                  | [potion of mutation]
   330 | D        | Gained mutation: You are dopey. (Int -2) [potion of
                  | mutation]
   330 | D        | Gained mutation: Armour fits poorly on your strangely
                  | shaped body. [potion of mutation]
   331 | D        | Lost mutation: Armour fits poorly on your strangely shaped
                  | body. [potion of mutation]
   331 | D        | Lost mutation: You passively map a small area around you.
                  | [potion of mutation]
   331 | D        | Gained mutation: You tend to lose your temper in combat.
                  | [potion of mutation]
   331 | D        | Gained mutation: You are agile. (Dex +2) [potion of
                  | mutation]
   333 | D        | Noticed a water elemental
   339 | D        | Killed a water elemental
   340 | D        | Reached skill level 7 in Axes
   340 | D        | Reached XP level 4. HP: 47/47 MP: 3/3
   429 | D        | Found a glowing silver altar of Zin.
   429 | D        | Found a glowing golden altar of the Shining One.
   429 | D        | Found a white marble altar of Elyvilon.
   430 | D        | Noticed a deep elf pyromancer
   436 | D        | Killed a deep elf pyromancer
   437 | D        | Reached skill level 12 in Axes
   437 | D        | Reached skill level 5 in Armour
   437 | D        | Reached XP level 5. HP: 61/61 MP: 4/4
   437 | D        | Reached XP level 6. HP: 68/68 MP: 5/5
   437 | D        | Reached XP level 7. HP: 74/74 MP: 6/6
   517 | D        | Found a basalt altar of Yredelemnul.
   517 | D        | Found a shadowy altar of Dithmenos.
   517 | D        | Found a sacrificial altar of Ru.
   523 | D        | Reached **** piety under Trog
   531 | D        | Reached skill level 1 in Stealth
   606 | D        | Found a radiant altar of Vehumet.
   606 | D        | Found a shimmering blue altar of Sif Muna.
   606 | D        | Found an ancient bone altar of Kikubaaqudgha.
   625 | D        | Found a hide-covered altar of Uskayaw.
   625 | D        | Found an iron altar of Okawaru.
   625 | D        | Found a bloodstained altar of Trog.
   625 | D        | Found an ornate altar of the Wu Jian Council.
   625 | D        | Noticed a human
   626 | D        | Noticed a human
   632 | D        | Killed a human
   632 | D        | Reached ***** piety under Trog
   633 | D        | Reached skill level 13 in Axes
   634 | D        | Killed a human
   680 | D        | Noticed a shadow
   693 | D        | Killed a shadow
   694 | D        | Reached skill level 14 in Axes
   694 | D        | Reached XP level 8. HP: 54/86 MP: 7/7
   853 | D        | Found a blossoming altar of Fedhas.
   853 | D        | Found a stormy altar of Qazlal.
   853 | D        | Found a snail-covered altar of Cheibriados.
   853 | D        | Found a burning altar of Makhleb.
   853 | D        | Found a shimmering altar of Xom.
   854 | D        | Found a hazy altar of Hepliaklqana.
   854 | D        | Found an opulent altar of Gozag.
   854 | D        | Found a sparkling altar of Nemelex Xobeh.
   854 | D        | Found a corrupted altar of Lugonu.
   854 | D        | Found a viscous altar of Jiyva.
   973 | D        | Noticed Snorg
  1027 | D        | Killed Snorg
  1028 | D        | Reached skill level 15 in Axes
  1123 | D        | Reached XP level 9. HP: 26/96 MP: 8/8
  1390 | D        | Noticed a centaur warrior
  1394 | D        | Reached skill level 16 in Axes
  1398 | D        | Identified the +7 bardiche "Muke" {vorpal, *Corrode rF+ rC+
                  | Str+9} (Trog gifted it to you in the Dungeon)
  1398 | D        | Received a gift from Trog
  1400 | D        | Killed a centaur warrior
  1401 | D        | Reached skill level 15 in Fighting
  1401 | D        | Reached skill level 17 in Axes
  1754 | D        | Killed an unseen horror
  2006 | D        | Noticed a wandering mushroom
  2010 | D        | Noticed a wandering mushroom
  2012 | D        | Noticed a wandering mushroom
  2241 | D        | Found Itoyt's Distillery.
  2242 | D        | Noticed an orc high priest
  2242 | D        | Noticed an orc sorcerer
  2244 | D        | Noticed an ice devil
  2246 | D        | Noticed an orc knight
  2246 | D        | Noticed an orc knight
  2247 | D        | Noticed an ice devil
  2247 | D        | Noticed a smoke demon
  2248 | D        | Killed an orc high priest
  2249 | D        | Reached skill level 18 in Axes
  2249 | D        | Reached skill level 10 in Dodging
  2249 | D        | Reached XP level 10. HP: 108/108 MP: 9/9
  2251 | D        | Received a gift from Trog
  2252 | D        | Noticed a smoke demon
  2255 | D        | Killed an orc sorcerer
  2258 | D        | Killed an orc knight
  2259 | D        | Reached skill level 5 in Stealth
  2259 | D        | Received a gift from Trog
  2260 | D        | Killed an orc knight
  2268 | D        | Reached skill level 19 in Axes
  2654 | D        | Noticed Harold
  2654 | D        | Noticed Joseph
  2663 | D        | Killed Harold
  2666 | D        | Killed Joseph
  2963 | D        | Noticed an orange demon
  2969 | D        | Noticed a smoke demon
  2979 | D        | Reached skill level 20 in Axes
  3271 | D        | Noticed an orange crystal statue
  3282 | D        | Found Cuthew's Antique Weapon Emporium.
  3282 | D        | Found Nafreria's Antique Weapon Shop.
  3282 | D        | Found Zoeshoff's Book Boutique.
  3282 | D        | Found Bing's Assorted Antiques.
  3282 | D        | Found Zofad's Antique Armour Boutique.
  3282 | D        | Found Murghese's Jewellery Emporium.
  3282 | D        | Found Huceghoi's Distillery.
  3282 | D        | Found Malahir's Armour Shop.
  3282 | D        | Found Seedan's Weapon Shop.
  3282 | D        | Found Juemme's General Store.
  3282 | D        | Found Jupruif's Magic Scroll Boutique.
  3322 | D        | Bought an ichor-stained plate armour for 616 gold pieces
  3322 | D        | Identified the +10 plate armour of Zin's Castigation
                  | {Will+} (You bought it in a shop in the Dungeon)
  3349 | D        | Bought a scroll of enchant weapon for 90 gold pieces
  3349 | D        | Bought a scroll of identify for 24 gold pieces
  3377 | D        | Killed an orange crystal statue
  3377 | D        | Reached ****** piety under Trog
  3378 | D        | Reached XP level 11. HP: 121/121 MP: 10/10
  3399 | D        | Received a gift from Trog
  3678 | D        | Noticed a fire dragon
  3691 | D        | Killed a fire dragon
  3692 | D        | Reached skill level 10 in Armour
  3787 | D        | Noticed a centaur warrior
  3797 | D        | Killed a centaur warrior
  3798 | D        | Reached skill level 21 in Axes
  3914 | D        | Noticed a +1 vampiric glaive
  3914 | D        | Noticed a +7 glaive
  3923 | D        | Killed a +1 vampiric glaive
  3928 | D        | Killed a +7 glaive
  4217 | D        | Noticed a +0 mace of protection
  4223 | D        | Noticed a +0 hand axe of electrocution
  4224 | D        | Killed a +0 mace of protection
  4224 | D        | Received a gift from Trog
  4226 | D        | Killed a +0 hand axe of electrocution
  4311 | D        | Noticed a yaktaur captain
  4311 | D        | Noticed a cyan ugly thing
  4311 | D        | Noticed a purple ugly thing
  4318 | D        | Killed a purple ugly thing
  4322 | D        | Killed a cyan ugly thing
  4341 | D        | Killed a yaktaur captain
  4428 | D        | Noticed a cyan ugly thing
  4432 | D        | Killed a cyan ugly thing
  4432 | D        | Received a gift from Trog
  4580 | D        | Noticed a skeletal warrior
  4586 | D        | Killed a skeletal warrior
  4587 | D        | Reached skill level 22 in Axes
  4588 | D        | Noticed an iron golem
  4608 | D        | Demolished by an iron golem

Illustrated notes

Levels and vault maps discovered:
D:        dungeon_sprint_mu [sprint_mu_entry_cave, sprint_mu_temple_rooms,
          sprint_mu_d1_horrors, sprint_mu_d2_genie, sprint_mu_d3_branching,
          sprint_mu_orc_legion, sprint_mu_elf_gauntlet, sprint_mu_hive_nellie,
          sprint_mu_lair_fedhas, sprint_mu_vaults_butterflies,
          sprint_mu_slime_circle, sprint_mu_swamp_cave, sprint_mu_snake_twists,
          sprint_mu_blade_basic, sprint_mu_crypt_fortress,
          sprint_mu_tomb_spiral, sprint_mu_vestibule_basic,
          sprint_mu_gehenna_hellfire, sprint_mu_dis_giant,
          sprint_mu_tartarus_statrot, sprint_mu_cocytus_islands, sprint_mu_zot1]

Skill      XL: |  1  2  3  4  5  6  7  8  9 10 11 |
---------------+----------------------------------+-----
Fighting       | 5 7 11 13 14 16 18 20 | 20.2
Axes           | 5 7 12 14 15 18 20 22 | 22.0
Armour         | 3 5 6 8 14 | 14.5
Dodging        | 3 4 6 7 8 10 11 12 | 12.2
Stealth        | 1 2 4 6 |  6.1
Evocations     | |  0.6

Action                   |  1- 3 |  4- 6 |  7- 9 | 10-12 || total
-------------------------+-------+-------+-------+-------++-------
Melee: Hand axe          |    20 |     5 |   118 |    16 ||   159
       Headbutt          |     4 |     1 |    33 |    30 ||    68
       Punch             |       |       |     4 |       ||     4
       Battleaxe         |       |       |       |   102 ||   102
       Executioner's axe |       |       |       |    34 ||    34
Invok: Berserk           |     2 |     1 |     4 |     5 ||    12
       Brothers in Arms  |       |       |     1 |     2 ||     3
Evoke: Box of beasts     |       |       |       |     1 ||     1
  Use: Potion            |     2 |       |     1 |     1 ||     4
       Scroll            |       |       |       |     4 ||     4
 Stab: Sleeping          |       |       |     1 |       ||     1
Armor: Animal skin       |     2 |       |       |       ||     2
       Robe              |     1 |       |    11 |     2 ||    14
       Chain mail        |       |       |       |    17 ||    17
       Plate armour      |       |       |       |    42 ||    42
Dodge: Dodged            |     6 |     1 |    48 |    66 ||   121

Table legend: (Time is in decaauts)
 A = Elapsed time spent in this place.
 B = Non-inter-level travel time spent in this place.
 C = Inter-level travel time spent in this place.
 D = Time resting spent in this place.
 E = Time spent auto-exploring this place.
 F = Levels seen in this place.
 G = Mean time per level.
                   A        B        C        D        E       F      G
               +--------+--------+--------+--------+--------+-----+--------+
         Total |   4629 |   4629 |      0 |   3337 |    154 |   1 | 4629.0 |
       Dungeon |   4629 |   4629 |      0 |   3337 |    154 |   1 | 4629.0 |
               +--------+--------+--------+--------+--------+-----+--------+

Top non-repeatable levels by time:
       D: 4629 daAuts
